 Dungeon Crawl Stone Soup version 0.30.1-4-g462c640d31 (webtiles) character file.

Game seed: 8428351284083247128

13 Kranky the Chucker (level 2, -5/22 HPs)
             Began as a Draconian Wanderer on Aug 24, 2023.
             Slain by a gnoll
             ... wielding a +0 whip
              (7 damage)
             ... on level 1 of the Dungeon.
             The game lasted 00:01:04 (221 turns).

Kranky the Chucker (Draconian Wanderer)              Turns: 221, Time: 00:01:05

Health: -5/22      AC:  4    Str: 12    XL:     2   Next: 24%
Magic:  5/5        EV: 11    Int: 13    God:
Gold:   30         SH:  0    Dex: 11    Spells: 5/5 levels left

rFire   . . .        a - +2 dagger
rCold   . . .        (no shield)
rNeg    . . .        (body armour unavailable)
rPois   .            (helmet restricted)
rElec   .            (no cloak)
rCorr   .            (no gloves)
SInv    .            (no boots)
Will    .....        (no amulet)
Stlth   +            (no ring)
HPRegen 0.23/turn    (no ring)
MPRegen 0.09/turn

%: no passive effects
@: no status effects
A: AC +4, unfitting armour, cold-blooded
a: no special abilities


You were on level 1 of the Dungeon.
You visited 1 branch of the dungeon, and saw 1 of its levels.

You collected 30 gold pieces.

Inventory:

Hand Weapons
 a - a +2 dagger (weapon)
Missiles
 b - 4 curare-tipped darts (quivered)
Scrolls
 c - a scroll of teleportation
 f - 2 scrolls of magic mapping {unknown}
Potions
 d - a potion of berserk rage
 e - a potion of magic {unknown}


   Skills:
 + Level 0.5 Fighting
 + Level 0.2 Short Blades
 - Level 4.5 Throwing
 + Level 0.5 Dodging
 + Level 2.2 Spellcasting
 + Level 2.1 Poison Magic
 + Level 1.2 Evocations


You had 5 spell levels left.
You didn't know any spells.
Your spell library contained the following spells:

 Spells                   Type           Power      Damage    Failure   Level
 Poisonous Vapours        Pois/Air       8%         N/A       24%         2
 Cigotuvi's Dreadful Rot  Necr/Pois/Air  6%         N/A       28%         2


Dungeon Overview and Level Annotations

Branches:
Dungeon (1/15)

Altars:


Innate Abilities, Weirdness & Mutations

Your plain brown scales are hard. (AC +4)
You cannot fit into any form of body armour.
You are cold-blooded and may be slowed by cold attacks.


Message History

The bat barely misses you.
You see here 8 gold pieces.
The bat closely misses you.
You hit the bat.
You kill the bat!
No target in view!
No target in view!
You now have 30 gold pieces (gained 8).
Found a sling.
The gnoll shouts!
A gnoll is nearby!
The gnoll barely misses you.
You closely miss the gnoll.
A kobold comes into view. It is wielding a +0 short sword.
The gnoll hits you with a +0 whip!
You hit the gnoll.
Your tail-slap misses the gnoll.
The gnoll is moderately wounded.
The gnoll hits you with a +0 whip!
* * * LOW HITPOINT WARNING * * *
You are too injured to fight recklessly!
You are too injured to fight recklessly!
You are too injured to fight recklessly!
You are too injured to fight recklessly!
You are too injured to fight recklessly!
You are too injured to fight recklessly!
You are too injured to fight recklessly!
You are too injured to fight recklessly!
You are too injured to fight recklessly!
You are too injured to fight recklessly!
You completely miss the gnoll.
The gnoll is moderately wounded.
The gnoll hits you with a +0 whip.
* * * LOW HITPOINT WARNING * * *
You hit the gnoll.
The gnoll is severely wounded.
The gnoll hits you but does no damage.
You hit the gnoll.
The gnoll is almost dead.
The gnoll hits you with a +0 whip!
You die...

...##.###.........
...........#..#.# #
##.........)..#.####.###
..###.....#............
#.# #.#####..†....##.#
#.# #.# #..#......# #>#
#.# #..#.#.!.## #.# #..
#.?#......## #.# #..#
#..#..@....# #.. ....
.......g#...... #.#
##.#.............|..
.#####.....K...... .#
#)##......... #.
#......... # #.#......#
.. ...#..


You could see a gnoll and a kobold.

Vanquished Creatures
  5 bats (D:1)
  An endoplasm (D:1)
  A goblin (D:1)
  2 hobgoblins (D:1)
  A quokka (D:1)
  A frilled lizard (D:1)
11 creatures vanquished.

Notes
Turn   | Place    | Note
-------+----------+-------------------------------------------
     0 | D:1      | Kranky the Draconian Wanderer began the quest for the Orb.
     0 | D:1      | Kranky set off with the following items: a +2 dagger, 4
                  | curare-tipped darts, a scroll of teleportation, a potion of
                  | berserk rage; and the following spells available to
                  | memorise: Poisonous Vapours, Cigotuvi's Dreadful Rot.
     0 | D:1      | Reached XP level 1. HP: 14/14 MP: 3/3
   139 | D:1      | Reached XP level 2. HP: 22/22 MP: 5/5
   221 | D:1      | Slain by a gnoll

Illustrated notes

Levels and vault maps discovered:
D:1:      dpeg_arrival_line_fractal, layout_loops_ring

Action                     || total
---------------------------++-------
  Melee: Dagger            ||    37
         Tailslap          ||     1
 Armour: Skin              ||    10
  Dodge: Dodged            ||    35
